 Dungeon Crawl Stone Soup version 0.24-a0-584-g9d6b971ae4 (webtiles) character file.

Game seed: 7949879758256159945, levelgen mode: deterministic

96 Melior the Grave Robber (level 4, 0/38 HPs)
             Began as a Deep Dwarf Necromancer on Sept 1, 2019.
             Killed by divine providence
             ... invoked by an orc priest
              (8 damage)
             ... on level 3 of the Dungeon.
             The game lasted 00:21:59 (2671 turns).

Melior the Grave Robber (Deep Dwarf Necromancer)    Turns: 2671, Time: 00:22:00

Health: 0/38       AC:  6    Str: 12    XL:     4   Next: 41%
Magic:  3/7        EV: 11    Int: 16    God:
Gold:   142        SH:  0    Dex: 13    Spells: 2/7 levels left

rFire    . . .     SeeInvis .   v - +2 dagger (flame)
rCold    . . .     Gourm    .   (no shield)
rNeg     . . .     Faith    .   f - +1 ring mail (curse)
rPois    .         Spirit   .   (no helmet)
rElec    .         Reflect  .   (no cloak)
rCorr    .         Harm     .   (no gloves)
MR       .....                  (no boots)
Stlth    ++........             (no amulet)
HPRegen  0.00/turn              (no ring)
MPRegen  0.10/turn              (no ring)

@: non-regenerating
A: damage resistance, heal wounds, sense surroundings 1, no regeneration
a: Heal Wounds


You were on level 3 of the Dungeon.
You were not hungry.

You visited 1 branch of the dungeon, and saw 3 of its levels.

You collected 142 gold pieces.

Inventory:

Hand Weapons
 b - a +0 spear
 v - a +2 dagger of flaming (weapon)
Missiles
 e - 36 poisoned darts (quivered)
 s - 4 javelins
Armour
 f - a cursed +1 ring mail (worn)
Wands
 r - a wand of iceblast (9)
Scrolls
 g - 2 scrolls of teleportation
 i - a scroll of fog {unknown}
 k - 2 scrolls of enchant armour
 l - a scroll of identify {unknown}
 n - a scroll of amnesia {unknown}
 p - a scroll of enchant weapon {unknown}
Potions
 d - a potion of might {unknown}
 h - 2 potions of agility {unknown}
 j - 2 potions of lignification {unknown}
 m - 4 potions of curing
 o - a potion of berserk rage {unknown}
 q - a potion of heal wounds {unknown}
 t - a potion of flight {unknown}
Comestibles
 c - 5 rations
 u - 7 chunks of flesh


   Skills:
 + Level 1.2 Fighting
 + Level 1.5 Armour
 + Level 3.0 Dodging
 - Level 3.0 Stealth
 + Level 2.2 Spellcasting
 + Level 4.9 Necromancy


You had 2 spell levels left.
You knew the following spells:

 Your Spells              Type           Power        Failure   Level  Hunger
a - Pain                  Necr           ###.         6%          1    #......
b - Animate Skeleton      Necr           N/A          6%          1    #......
c - Vampiric Draining     Necr           ###.......   19%         3    ###....

Your spell library contained the following spells:

 Spells                   Type           Power        Failure   Level  Hunger
 Animate Dead             Necr           N/A          52%         4    #####..
 Regeneration             Chrm/Necr      Unusable     N/A         3    N/A

Dungeon Overview and Level Annotations

Branches:
Dungeon (3/15)

Altars:
Cheibriados
Gozag
Qazlal
Uskayaw
Zin


Innate Abilities, Weirdness & Mutations

You are resistant to damage.
You can heal yourself by infusing magical energy.
You passively map a small area around you.
You do not regenerate.


Message History

You close the door.
The bat closely misses you.
A kobold opens the door.
The bat barely misses you. x2
The bat hits you. The bat closely misses you. The bat hits you.
The bat closely misses you. The bat barely misses you. x2
You open the door. The bat closely misses you.
The bat hits you but does no damage. The bat closely misses you.
The bat misses you.
There is an open door here.
The bat hits you but does no damage.
The orc priest calls down the wrath of Beogh upon you.
Beogh smites you!
* * * LOW HITPOINT WARNING * * *
The bat hits you but does no damage. The bat barely misses you.
The bat completely misses you. The bat closely misses you.
The bat hits you but does no damage. The bat hits you but does no damage.
The bat closely misses you.
The orc priest mumbles some strange prayers to Beogh against you.
Beogh smites you!
You die...

.................#*, ,
*##...........#..# * ,
#####...#####..#*
#..........# , , , *
#...#####..# #...# #'##
, * * ##.## #..# ,** ,
###.######..# * *
###.......##.@#######
##
#.....##..##b.##....# ,
* .###.#.###
###bK##....#
#........#,,##8..8##..#
.......### +...[o.'..#
* #.##.....#,
#..##..#..# #.##.....#
### ####..##
..###..#.#,,, ,#....#
.....)...# , #...(#


You could see an orc priest, 2 bats and a kobold.

Vanquished Creatures
  3 adders (D:2)
  A worm (D:2)
  2 leopard geckos (D:1)
  2 orcs (D:3)
  A ball python (D:2)
  3 giant cockroaches
  6 goblins
  7 hobgoblins
  8 jackals
  12 kobolds
  A quokka (D:3)
  4 bats
  2 frilled lizards
  4 rats
56 creatures vanquished.

Notes
Turn   | Place    | Note
-------+----------+-------------------------------------------
     0 | D:1      | Melior the Deep Dwarf Necromancer began the quest for the
                  | Orb.
     0 | D:1      | Reached XP level 1. HP: 15/15 MP: 3/3
   108 | D:1      | Learned a level 1 spell: Animate Skeleton
   234 | D:1      | Reached XP level 2. HP: 16/22 MP: 0/4
  1111 | D:2      | Found a hide-covered altar of Uskayaw.
  1174 | D:2      | Reached skill level 1 in Armour
  1174 | D:2      | Reached XP level 3. HP: 21/30 MP: 0/6
  1179 | D:2      | Learned a level 3 spell: Vampiric Draining
  1450 | D:2      | Found a snail-covered altar of Cheibriados.
  1501 | D:2      | Found an opulent altar of Gozag.
  1962 | D:2      | Reached skill level 1 in Fighting
  2039 | D:2      | Reached XP level 4. HP: 38/38 MP: 3/7
  2160 | D:2      | Found a glowing silver altar of Zin.
  2541 | D:3      | Found a stormy altar of Qazlal.
  2671 | D:3      | Killed from afar by an orc priest

Levels and vault maps discovered:
D:1:      minmay_arrival_three_doors, layout_loops_cross
D:2:      layout_loops_ring, overflow_temple_1_default, old_standard_altar,
          eat_drink_and_be_merry_uskayaw, nicolae_gozag_seed_capital
D:3:      minmay_chambers_of_twos, layout_loops_cross,
          nemelex_xobeh_ov_fountains_minmay, grunt_qazlal_clouds

Skill      XL: |  1  2  3  4 |
---------------+-------------+-----
Stealth        | 3 |  3.0
Armour         | 1 |  1.5
Spellcasting   | 2 |  2.2
Fighting       | 1 |  1.2
Dodging        | 3 |  3.0
Necromancy     | |  4.9

Action                   |  1- 3 |  4- 6 || total
-------------------------+-------+-------++-------
Melee: Spear             |    50 |    27 ||    77
       Dagger            |       |     1 ||     1
 Cast: Pain              |    61 |    14 ||    75
       Animate Skeleton  |     6 |       ||     6
       Vampiric Draining |     9 |     1 ||    10
  Use: Scroll            |       |     2 ||     2
 Stab: Distracted        |     1 |       ||     1
  Eat: Chunk             |     3 |     2 ||     5
       Ration            |     1 |       ||     1
Armor: Ring mail         |    17 |    49 ||    66
       Robe              |     1 |       ||     1
Dodge: Dodged            |    40 |    58 ||    98

Table legend:
 A = Non-vault XP
 B = Vault XP
 C = Vault XP percentage of total XP
 D = Non-vault monster count
 E = Vault monster count
 F = Vault count percentage of total count
                 A         B        C        D         E       F
            +---------+---------+-------+---------+---------+-------
      Total |     127 |      11 |   8.0 |      51 |       5 |   8.9
            +---------+---------+-------+---------+---------+-------
        D:1 |      38 |       0 |   0.0 |      22 |       0 |   0.0
        D:2 |      74 |       0 |   0.0 |      22 |       0 |   0.0
        D:3 |      15 |      11 |  42.3 |       7 |       5 |  41.7
            +---------+---------+-------+---------+---------+-------
